 Dungeon Crawl Stone Soup version 0.26-a0-800-g517d6fe721 (webtiles) character file.

Game seed: 11701977118431386094

67 Chiseanne the Magician (level 4, 30/30 HPs)
             Began as a Demonspawn Hedge Wizard on Nov 11, 2020.
             Quit the game on level 3 of the Dungeon.
             The game lasted 00:02:27 (1635 turns).

Chiseanne the Magician (Demonspawn Hedge Wizard)    Turns: 1635, Time: 00:02:28

Health: 30/30      AC:  2    Str: 10    XL:     4   Next: 0%
Magic:  9/9        EV: 12    Int: 17    God:
Gold:   76         SH:  0    Dex: 12    Spells: 4/10 levels left

rFire    . . .     SeeInvis .   a - +0 dagger
rCold    . . .     Faith    .   (no shield)
rNeg     . . .     Spirit   .   b - +0 robe
rPois    .         Reflect  .   c - +0 hat
rElec    .         Harm     .   (no cloak)
rCorr    .         Rampage  .   (no gloves)
MR       .....                  (no boots)
Stlth    ++........             (no amulet)
HPRegen  0.10/turn              (no ring)
MPRegen  0.11/turn              (no ring)

@: no status effects
A: hooves 1, spiny 1
a: no special abilities


You were on level 3 of the Dungeon.
You visited 1 branch of the dungeon, and saw 3 of its levels.

You collected 76 gold pieces.

Inventory:

Hand Weapons
 a - a +0 dagger (weapon)
Missiles
 i - 8 poisoned darts (quivered)
Armour
 b - a +0 robe (worn)
 c - a +0 hat (worn)
 g - a +0 kite shield
Scrolls
 e - a scroll of enchant weapon {unknown}
 f - a scroll of magic mapping
Potions
 d - a potion of brilliance


   Skills:
 - Level 1.7 Dodging
 - Level 1.7 Stealth
 * Level 3.9 Spellcasting
 * Level 2.8 Conjurations
   Level 1.0 Summonings
 - Level 0.8 Translocations


You had 4 spell levels left.
You knew the following spells:

 Your Spells              Type           Power        Failure   Level
a - Magic Dart            Conj           ##..         4%          1
b - Blink                 Tloc           N/A          17%         2
d - Mephitic Cloud        Conj/Pois/Air  #.......     32%         3

Your spell library contained the following spells:

 Spells                   Type           Power        Failure   Level
 Call Imp                 Summ           #.......     16%         2
 Slow                     Hex            #.......     24%         2
 Conjure Flame            Conj/Fire      #.......     26%         3


Dungeon Overview and Level Annotations

Branches:
Dungeon (3/15)

Altars:


Innate Abilities, Weirdness & Mutations

You have large cloven feet.
You are partially covered in sharp spines.


Message History

The adder is struck by your spines. The adder misses you.
Casting: Magic Dart (safe; 6% risk of failure)
Confirm with . or Enter, or press ? or * to list all spells.
Aiming: Magic Dart (safe; 6% risk of failure)
Press: ? - help, Shift-Dir - straight line, f/p - adder
Aim: an adder (severely wounded)
The magic dart hits the adder.
The adder is almost dead.
The adder bites you.
Casting: Magic Dart (safe; 6% risk of failure)
Confirm with . or Enter, or press ? or * to list all spells.
Aiming: Magic Dart (safe; 6% risk of failure)
Press: ? - help, Shift-Dir - straight line, f/p - adder
Aim: an adder (almost dead)
The magic dart hits the adder.
You kill the adder!
You have reached level 4!
You feel clever.
Your demonic ancestry asserts itself...
Your feet thicken and deform.
Are you sure you want to abandon this character and quit the game? (Confirm with "yes".)

....
....
#..#
#..#
#..#
#..#
#..#
#@.#
#....##
#.....
#...###
#...
#...
#...
#...


There were no monsters in sight!

Vanquished Creatures
  4 adders
  A leopard gecko (D:1)
  3 bats
  A giant cockroach (D:1)
  5 goblins
  6 hobgoblins
  2 kobolds
  A ball python (D:1)
  3 frilled lizards
  4 rats (D:1)
30 creatures vanquished.

Notes
Turn   | Place    | Note
-------+----------+-------------------------------------------
     0 | D:1      | Chiseanne the Demonspawn Hedge Wizard began the quest for
                  | the Orb.
     0 | D:1      | Reached XP level 1. HP: 13/13 MP: 4/4
   132 | D:1      | Gained mutation: You are partially covered in sharp spines.
                  | [demonic ancestry]
   132 | D:1      | Reached XP level 2. HP: 19/19 MP: 0/6
   977 | D:2      | Reached XP level 3. HP: 20/24 MP: 0/8
  1046 | D:2      | Learned a level 2 spell: Blink
  1050 | D:2      | Learned a level 3 spell: Mephitic Cloud
  1585 | D:3      | Gained mutation: You have large cloven feet. [demonic
                  | ancestry]
  1585 | D:3      | Reached XP level 4. HP: 26/30 MP: 3/9
  1635 | D:3      | Quit the game

Illustrated notes

Levels and vault maps discovered:
D:1:      dpeg_arrival_tiny_a, layout_basic
D:2:      layout_basic, chequers_serial_rivers_micro_c
D:3:      layout_basic, chequers_ecumenical_altar_island, dk_vineyard_3

Skill      XL: |  1  2 |
---------------+-------+-----
Conjurations   | 2 |  2.8
Dodging        | |  1.7
Stealth        | |  1.7
Spellcasting   | |  3.9
Summonings     | |  1.0
Translocations | |  0.8

Action                   |  1- 3 |  4- 6 || total
-------------------------+-------+-------++-------
Melee: Dagger            |    19 |       ||    19
 Cast: Magic Dart        |    68 |     1 ||    69
  Use: Scroll            |     2 |       ||     2
Armor: Robe              |     3 |       ||     3
Dodge: Dodged            |    22 |       ||    22

Table legend: (Time is in decaauts)
 A = Elapsed time spent in this place.
 B = Non-inter-level travel time spent in this place.
 C = Inter-level travel time spent in this place.
 D = Time resting spent in this place.
 E = Time spent auto-exploring this place.
 F = Levels seen in this place.
 G = Mean time per level.
                   A        B        C        D        E       F      G
               +--------+--------+--------+--------+--------+-----+--------+
         Total |   1635 |   1591 |     44 |    452 |    929 |   3 |  545.0 |
       Dungeon |   1635 |   1591 |     44 |    452 |    929 |   3 |  545.0 |
               +--------+--------+--------+--------+--------+-----+--------+

Top non-repeatable levels by time:
     D:1: 969 daAuts
     D:2: 608 daAuts
     D:3: 58 daAuts
